TOP OF THE 1ST |
Colorado (EL) Rockies batting - Pitching for Biloxi Shuckers : RHP Jim Strickland
|
Pitching: RHP Jim Strickland
|
|
Batting: SHB Jamie Mims
|
0-0: Ground out 6-3 (Groundball, 6, EV 88.1 MPH)
|
Batting: RHB Mike McElroy
|
0-0: Fly out, F7 (Flyball, 7, EV 78.1 MPH)
|
Batting: LHB Jason Ryan
|
0-0: Foul Ball, location: 2F 0-1: Ball 1-1: Ball 2-1: Ground out 4-3 (Groundball, 4, EV 80.6 MPH)
|
Top of the 1st over - 0 runs, 0 hits, 0 errors, 0 left on base; Colorado (EL) 0 - Biloxi 0 |
BOTTOM OF THE 1ST |
Biloxi Shuckers batting - Pitching for Colorado (EL) Rockies : LHP Vinny Duarte
|
Pitching: LHP Vinny Duarte
|
|
Batting: RHB Hector Silva
|
0-0: Foul Ball, location: 2F 0-1: Ball 1-1: DOUBLE (Flyball, 8RXD, EV 108.1 MPH)
|
Batting: RHB Herb McIntyre
|
0-0: Called Strike 0-1: Ball 1-1: Ball 2-1: Swinging Strike 2-2: Strikes out swinging
|
Batting: RHB Eddie McCoy
|
0-0: Called Strike 0-1: Foul Ball, location: 2F 0-2: SINGLE (Line Drive, 4D, EV 105.6 MPH) Hector Silva to third Runner from 3rd tries for Home, SAFE, throw by CF to home Eddie McCoy to second
|
Batting: RHB Sadataka Kuwahara
|
0-0: Swinging Strike 0-1: Swinging Strike 0-2: Ball 1-2: Fly out, F9 (Flyball, 9S, EV 83.8 MPH)
|
Batting: RHB Steve Byerly
|
0-0: Ball 1-0: SINGLE (Groundball, 6MD, EV 102.5 MPH) Eddie McCoy to third
|
Batting: RHB Cameron Rattenbury
|
0-0: Ball 1-0: Called Strike 1-1: Swinging Strike 1-2: Foul Ball, location: 2F 1-2: Foul Ball, location: 2F 1-2: Fielders Choice at 2nd, 5-4 (Groundball, 56, EV 94.4 MPH)
|
Bottom of the 1st over - 1 run, 3 hits, 0 errors, 2 left on base; Colorado (EL) 0 - Biloxi 1 |
TOP OF THE 2ND |
Colorado (EL) Rockies batting - Pitching for Biloxi Shuckers : RHP Jim Strickland
|
Batting: RHB Heitaro Tanaka
|
0-0: Called Strike 0-1: Ball 1-1: Foul Ball, location: 2F 1-2: Ball 2-2: Foul Ball, location: 2F 2-2: Strikes out swinging
|
Batting: RHB Ray Insley
|
0-0: Called Strike 0-1: Ball 1-1: Swinging Strike 1-2: Strikes out swinging
|
Batting: LHB Paul McClintock
|
0-0: Ball 1-0: Ball 2-0: Called Strike 2-1: SINGLE (Line Drive, 8RS, EV 94.4 MPH)
|
Batting: RHB Zakhar Edelman
|
0-0: Foul Ball, location: 2F 0-1: Fly out, F8 (Flyball, 89M, EV 78.1 MPH)
|
Top of the 2nd over - 0 runs, 1 hit, 0 errors, 1 left on base; Colorado (EL) 0 - Biloxi 1 |
BOTTOM OF THE 2ND |
Biloxi Shuckers batting - Pitching for Colorado (EL) Rockies : LHP Vinny Duarte
|
Batting: RHB Chris Riddel
|
0-0: Ground out 5-3 (Groundball, 56, EV 84.4 MPH)
|
Batting: SHB Robert Sayer
|
0-0: Fly out, F9 (Flyball, 9D, EV 89.4 MPH)
|
Batting: LHB Paul Collins
|
0-0: Ball 1-0: Called Strike 1-1: Foul Ball, location: 2F 1-2: Ball 2-2: Foul Ball, location: 2F 2-2: Foul Ball, location: 2F 2-2: Ball 3-2: Strikes out swinging
|
Bottom of the 2nd over - 0 runs, 0 hits, 0 errors, 0 left on base; Colorado (EL) 0 - Biloxi 1 |
TOP OF THE 3RD |
Colorado (EL) Rockies batting - Pitching for Biloxi Shuckers : RHP Jim Strickland
|
Batting: LHB Harry Folsom
|
0-0: Called Strike 0-1: Swinging Strike 0-2: Ball 1-2: Strikes out swinging
|
Batting: RHB Yamashita Yagi
|
0-0: Foul Ball, location: 2F 0-1: Ball 1-1: Foul Ball, location: 2F 1-2: Ball 2-2: Fly out, F9 (Line Drive, 9S, EV 100.6 MPH)
|
Batting: SHB Jamie Mims
|
0-0: Called Strike 0-1: Ball 1-1: Ball 2-1: Fly out, F7 (Line Drive, 7, EV 92.5 MPH)
|
Top of the 3rd over - 0 runs, 0 hits, 0 errors, 0 left on base; Colorado (EL) 0 - Biloxi 1 |
BOTTOM OF THE 3RD |
Biloxi Shuckers batting - Pitching for Colorado (EL) Rockies : LHP Vinny Duarte
|
Batting: RHB Hector Silva
|
0-0: Ball 1-0: Called Strike 1-1: Ball 2-1: Fly out, F9 (Flyball, 9LM, EV 108.1 MPH)
|
Batting: RHB Herb McIntyre
|
0-0: Ball 1-0: Called Strike 1-1: Ball 2-1: Ball 3-1: Base on Balls
|
Batting: RHB Eddie McCoy
|
0-0: DOUBLE (Flyball, 78D, EV 103.8 MPH) Herb McIntyre to third
|
Batting: RHB Sadataka Kuwahara
|
0-0: Ball Wild Pitch! Herb McIntyre scores Eddie McCoy to third 1-0: Ball 2-0: Foul Ball, location: 2F 2-1: Ball 3-1: Base on Balls
|
Batting: RHB Steve Byerly
|
0-0: Ball Sadataka Kuwahara steals 2nd base 1-0: Ball 2-0: Ball 3-0: Called Strike 3-1: Swinging Strike 3-2: Foul Ball, location: 2F 3-2: Foul Ball, location: 2F 3-2: Base on Balls
|
Batting: RHB Cameron Rattenbury
|
0-0: Ball 1-0: Ball 2-0: Ball 3-0: Base on Balls Eddie McCoy scores Sadataka Kuwahara to third Steve Byerly to second
|
Batting: RHB Chris Riddel
|
0-0: Swinging Strike 0-1: Ball 1-1: Ball 2-1: SINGLE (Groundball, 6MD, EV 105.6 MPH) Sadataka Kuwahara scores Steve Byerly to third Cameron Rattenbury to second
|
Batting: SHB Robert Sayer
|
0-0: Grounds into double play, 6-4-3 (Groundball, 6, EV 86.9 MPH)
|
Bottom of the 3rd over - 3 runs, 2 hits, 0 errors, 2 left on base; Colorado (EL) 0 - Biloxi 4 |
TOP OF THE 4TH |
Colorado (EL) Rockies batting - Pitching for Biloxi Shuckers : RHP Jim Strickland
|
Batting: RHB Mike McElroy
|
0-0: Fly out, F9 (Flyball, 9D, EV 92.5 MPH)
|
Batting: LHB Jason Ryan
|
0-0: Ball 1-0: SINGLE (Line Drive, 4D, EV 100.0 MPH)
|
Batting: RHB Heitaro Tanaka
|
0-0: Ball 1-0: Swinging Strike 1-1: DOUBLE (Flyball, 8LXD, EV 96.9 MPH) Jason Ryan to third Runner from 3rd tries for Home, SAFE, no throw by CF
|
Batting: RHB Ray Insley
|
0-0: Foul Ball, location: 2F 0-1: Ball 1-1: Ball 2-1: Ball 3-1: Foul Ball, location: 2F 3-2: Foul Ball, location: 2F 3-2: Ground out 5-3 (Groundball, 56S, EV 85.0 MPH)
|
Batting: LHB Paul McClintock
|
0-0: Foul Ball, location: 2F 0-1: Foul Ball, location: 2F 0-2: Strikes out swinging
|
Top of the 4th over - 1 run, 2 hits, 0 errors, 1 left on base; Colorado (EL) 1 - Biloxi 4 |
BOTTOM OF THE 4TH |
Biloxi Shuckers batting - Pitching for Colorado (EL) Rockies : LHP Vinny Duarte
|
Batting: LHB Paul Collins
|
0-0: Fly out, F9 (Flyball, 89S, EV 85.6 MPH)
|
Batting: RHB Hector Silva
|
0-0: Ball 1-0: Swinging Strike 1-1: Ball 2-1: Ball 3-1: Called Strike 3-2: Strikes out swinging
|
Batting: RHB Herb McIntyre
|
0-0: Swinging Strike 0-1: Fly out, F7 (Flyball, 7D, EV 101.2 MPH)
|
Bottom of the 4th over - 0 runs, 0 hits, 0 errors, 0 left on base; Colorado (EL) 1 - Biloxi 4 |
TOP OF THE 5TH |
Colorado (EL) Rockies batting - Pitching for Biloxi Shuckers : RHP Jim Strickland
|
Batting: RHB Zakhar Edelman
|
0-0: Ball 1-0: Called Strike 1-1: Foul Ball, location: 2F 1-2: SINGLE (Groundball, 25, EV 75.0 MPH) (infield hit)
|
Batting: LHB Harry Folsom
|
0-0: Called Strike 0-1: Ball 1-1: Reached on error, E8 (Flyball, 8RM, EV 84.4 MPH) Zakhar Edelman to second
|
Batting: RHB Yamashita Yagi
|
0-0: Called Strike 0-1: Foul Ball, location: 2F 0-2: Foul Ball, location: 2F 0-2: Ball 1-2: Ball 2-2: Reached on error, E6 (Groundball, 6S, EV 85.0 MPH) Zakhar Edelman to third Harry Folsom to second
|
Batting: SHB Jamie Mims
|
0-0: Called Strike 0-1: Ball 1-1: Foul Ball, location: 2F 1-2: DOUBLE (Groundball, 3L, EV 99.4 MPH) Zakhar Edelman scores Harry Folsom scores Yamashita Yagi to third
|
Batting: RHB Mike McElroy
|
0-0: Ball 1-0: Ball 2-0: Ground out 5-3 (Groundball, 56S, EV 80.6 MPH)
|
Batting: LHB Jason Ryan
|
0-0: Reached on error, E4 (Groundball, 4, EV 78.1 MPH) Yamashita Yagi scores Jamie Mims to third
|
Batting: RHB Heitaro Tanaka
|
0-0: Ball 1-0: Ball 2-0: Swinging Strike 2-1: SINGLE (Groundball, 56D, EV 104.4 MPH) Jamie Mims scores Jason Ryan to second
|
Pitching: RHP Jeff Alanis
|
|
Batting: RHB Ray Insley
|
0-0: Ball 1-0: Called Strike 1-1: Swinging Strike 1-2: Foul Ball, location: 2F 1-2: DOUBLE (Line Drive, 7LS, EV 111.2 MPH) Jason Ryan scores Heitaro Tanaka to third Runner from 3rd tries for Home, SAFE, throw by LF to home
|
Batting: LHB Paul McClintock
|
0-0: Ball 1-0: Ball 2-0: Ball 3-0: Called Strike 3-1: Base on Balls
|
Batting: RHB Zakhar Edelman
|
0-0: Ball 1-0: Grounds into double play, 6-4-3 (Groundball, 6, EV 82.5 MPH)
|
Top of the 5th over - 6 runs, 4 hits, 3 errors, 1 left on base; Colorado (EL) 7 - Biloxi 4 |
BOTTOM OF THE 5TH |
Biloxi Shuckers batting - Pitching for Colorado (EL) Rockies : LHP Vinny Duarte
|
Batting: RHB Eddie McCoy
|
0-0: Foul Ball, location: 2F 0-1: Ball 1-1: Ball 2-1: Foul Ball, location: 2F 2-2: Ball 3-2: Foul Ball, location: 2F 3-2: Base on Balls
|
Batting: RHB Sadataka Kuwahara
|
0-0: Ball Eddie McCoy is caught stealing 2nd base 2-4 1-0: Called Strike 1-1: Foul Ball, location: 2F 1-2: Ball 2-2: Ball 3-2: Strikes out swinging
|
Batting: RHB Steve Byerly
|
0-0: Called Strike 0-1: Ground out 3-1 (Groundball, 34S, EV 80.6 MPH)
|
Bottom of the 5th over - 0 runs, 0 hits, 0 errors, 0 left on base; Colorado (EL) 7 - Biloxi 4 |
TOP OF THE 6TH |
Colorado (EL) Rockies batting - Pitching for Biloxi Shuckers : RHP Jeff Alanis
|
Batting: LHB Harry Folsom
|
0-0: Called Strike 0-1: Ball 1-1: Called Strike 1-2: Ground out 5-3 (Groundball, 56, EV 85.0 MPH)
|
Batting: RHB Yamashita Yagi
|
0-0: Called Strike 0-1: Ball 1-1: Foul Ball, location: 2F 1-2: Foul Ball, location: 2F 1-2: Strikes out swinging, 2-3 out at first.
|
Batting: SHB Jamie Mims
|
0-0: Ground out 4-3 (Groundball, 34D, EV 108.1 MPH)
|
Top of the 6th over - 0 runs, 0 hits, 0 errors, 0 left on base; Colorado (EL) 7 - Biloxi 4 |
BOTTOM OF THE 6TH |
Biloxi Shuckers batting - Pitching for Colorado (EL) Rockies : LHP Vinny Duarte
|
Batting: RHB Cameron Rattenbury
|
0-0: Ball 1-0: Ball 2-0: Called Strike 2-1: Ball 3-1: Called Strike 3-2: Fly out, F6 (Line Drive, 56D, EV 62.5 MPH)
|
Pitching: RHP Jim Davis
|
|
Batting: RHB Chris Riddel
|
0-0: Called Strike 0-1: Ball 1-1: Ball 2-1: DOUBLE (Flyball, 89XD, EV 99.4 MPH)
|
Batting: SHB Robert Sayer
|
0-0: Ball 1-0: Ball 2-0: Foul Ball, location: 2F 2-1: Foul Ball, location: 2F 2-2: Foul Ball, location: 2F 2-2: Fly out, F9 (Flyball, 89S, EV 87.5 MPH)
|
Batting: LHB Paul Collins
|
0-0: Called Strike 0-1: Swinging Strike 0-2: Foul Ball, location: 2F 0-2: Strikes out swinging
|
Bottom of the 6th over - 0 runs, 1 hit, 0 errors, 1 left on base; Colorado (EL) 7 - Biloxi 4 |
TOP OF THE 7TH |
Colorado (EL) Rockies batting - Pitching for Biloxi Shuckers : RHP Jeff Alanis
|
Pitching: RHP Corey Pierce
|
|
Batting: RHB Mike McElroy
|
0-0: Ball 1-0: Foul Ball, location: 2F 1-1: Foul Ball, location: 2F 1-2: Foul Ball, location: 2F 1-2: Foul Ball, location: 2F 1-2: Strikes out looking
|
Batting: LHB Jason Ryan
|
0-0: Foul Ball, location: 2F 0-1: Ball 1-1: Swinging Strike 1-2: Ball 2-2: SINGLE (Line Drive, 8LS, EV 112.5 MPH)
|
Batting: RHB Heitaro Tanaka
|
0-0: Fly out, F6 (Popup, 6M, EV 73.1 MPH)
|
Batting: RHB Ray Insley
|
0-0: Foul Ball, location: 2F 0-1: Fly out, F8 (Flyball, 8LM, EV 93.8 MPH)
|
Top of the 7th over - 0 runs, 1 hit, 0 errors, 1 left on base; Colorado (EL) 7 - Biloxi 4 |
BOTTOM OF THE 7TH |
Biloxi Shuckers batting - Pitching for Colorado (EL) Rockies : RHP Jim Davis
|
Pitching: LHP Cody Bodenhamer
|
|
Batting: RHB Hector Silva
|
0-0: Ball 1-0: Ball 2-0: Ball 3-0: Base on Balls
|
Batting: RHB Herb McIntyre
|
0-0: Called Strike 0-1: Foul Ball, location: 2F 0-2: Foul Ball, location: 2F 0-2: Grounds into double play, 4-6-3 (Groundball, 4, EV 87.5 MPH)
|
Batting: RHB Eddie McCoy
|
0-0: Ball 1-0: Ball 2-0: Called Strike 2-1: Ball 3-1: Swinging Strike 3-2: Fly out, F7 (Flyball, 78D, EV 90.6 MPH)
|
Bottom of the 7th over - 0 runs, 0 hits, 0 errors, 0 left on base; Colorado (EL) 7 - Biloxi 4 |
TOP OF THE 8TH |
Colorado (EL) Rockies batting - Pitching for Biloxi Shuckers : RHP Corey Pierce
|
Pitching: RHP Tony Valdez
|
|
Batting: LHB Paul McClintock
|
0-0: Ball 1-0: Ball 2-0: Ground out 4-3 (Groundball, 4, EV 95.6 MPH)
|
Batting: RHB Zakhar Edelman
|
0-0: Ball 1-0: SINGLE (Groundball, 6D, EV 105.0 MPH)
|
Batting: LHB Harry Folsom
|
0-0: Foul Ball, location: 2F 0-1: Ball 1-1: Ball 2-1: Ball 3-1: Foul Ball, location: 2F 3-2: Foul Ball, location: 2F 3-2: Base on Balls Zakhar Edelman to second
|
Batting: RHB Yamashita Yagi
|
0-0: Called Strike 0-1: Ball 1-1: Ball 2-1: Foul Ball, location: 2F 2-2: Grounds into double play, 5-4-3 (Groundball, 56, EV 92.5 MPH)
|
Top of the 8th over - 0 runs, 1 hit, 0 errors, 1 left on base; Colorado (EL) 7 - Biloxi 4 |
BOTTOM OF THE 8TH |
Biloxi Shuckers batting - Pitching for Colorado (EL) Rockies : LHP Cody Bodenhamer
|
Pitching: RHP Davon Ware
|
|
Batting: RHB Sadataka Kuwahara
|
0-0: Ball 1-0: Ball 2-0: Ball 3-0: Called Strike 3-1: Base on Balls
|
Batting: RHB Steve Byerly
|
0-0: Called Strike 0-1: Ball 1-1: Ball 2-1: Ball 3-1: Called Strike 3-2: Foul Ball, location: 2F 3-2: Base on Balls Sadataka Kuwahara to second
|
Batting: RHB Cameron Rattenbury
|
0-0: Called Strike 0-1: Ball 1-1: Ball 2-1: Foul Ball, location: 2F 2-2: Foul Ball, location: 2F 2-2: Ball 3-2: Base on Balls Sadataka Kuwahara to third Steve Byerly to second
|
Batting: RHB Chris Riddel
|
0-0: Ball 1-0: Called Strike 1-1: Fly out, F7 (Line Drive, 7, EV 94.4 MPH) Runner from 3rd tags up, SCORES, no throw by LF
|
Pinch Runner at 2nd Sam Bingham:
|
|
Batting: SHB Robert Sayer
|
0-0: Ball 1-0: Fielders Choice at 2nd, 5-4 (Groundball, 5, EV 84.4 MPH) Sam Bingham to third
|
Batting: LHB Paul Collins
|
0-0: Ball Wild Pitch! Sam Bingham scores Robert Sayer to second 1-0: Foul Ball, location: 2F 1-1: Ground out 6-3 (Groundball, 6S, EV 76.2 MPH)
|
Bottom of the 8th over - 2 runs, 0 hits, 0 errors, 1 left on base; Colorado (EL) 7 - Biloxi 6 |
TOP OF THE 9TH |
Colorado (EL) Rockies batting - Pitching for Biloxi Shuckers : RHP Tony Valdez
|
Now at 2B: Sam Bingham
|
|
Batting: SHB Jamie Mims
|
0-0: Called Strike 0-1: Ball 1-1: Called Strike 1-2: Ground out 3-1 (Groundball, 34S, EV 75.6 MPH)
|
Batting: RHB Mike McElroy
|
0-0: Ball 1-0: Ground out 3-1 (Groundball, 34, EV 85.0 MPH)
|
Batting: LHB Jason Ryan
|
0-0: Ball 1-0: Called Strike 1-1: Hit by Pitch
|
Batting: RHB Heitaro Tanaka
|
0-0: Ball 1-0: Ball 2-0: Called Strike 2-1: Fielders Choice at 2nd, 6-4 (Groundball, 56, EV 108.1 MPH)
|
Top of the 9th over - 0 runs, 0 hits, 0 errors, 1 left on base; Colorado (EL) 7 - Biloxi 6 |
BOTTOM OF THE 9TH |
Biloxi Shuckers batting - Pitching for Colorado (EL) Rockies : RHP Davon Ware
|
Pitching: RHP Jim Butler
|
|
Now at 2B: Harry Folsom
|
|
Now at SS: Willie Benito
|
|
Batting: RHB Hector Silva
|
0-0: Swinging Strike 0-1: Swinging Strike 0-2: Ball 1-2: Strikes out swinging
|
Batting: RHB Herb McIntyre
|
0-0: Ball 1-0: Foul Ball, location: 2F 1-1: SINGLE (Groundball, 6MD, EV 94.4 MPH)
|
Batting: RHB Eddie McCoy
|
0-0: Called Strike 0-1: Ball 1-1: Ball 2-1: Foul Ball, location: 2F 2-2: Strikes out looking
|
Batting: RHB Sadataka Kuwahara
|
0-0: Swinging Strike 0-1: Swinging Strike 0-2: Ball 1-2: Foul Ball, location: 2F 1-2: Strikes out swinging
|
Bottom of the 9th over - 0 runs, 1 hit, 0 errors, 1 left on base; Colorado (EL) 7 - Biloxi 6 |
|